ESL (28 & UNDER)
PENQUANNOCK OVERRATED JETER @ KINGSTON IGUANAS
09/04/2026
 
TOP OF THE 1ST
Penquannock Overrated Jeter batting - Pitching for Kingston Iguanas : RHP Matt Nance
Pitching: RHP Matt Nance
Batting: RHB António Rodríguez 0-0: Ball
1-0: Ball
2-0: Called Strike
2-1: Foul Ball, location: 2F
2-2: Ball
3-2: Foul Ball, location: 2F
3-2: Fly out, F6 (Popup, 6M)
Batting: SHB Caden Keith 0-0: Foul Ball, location: 2F
0-1: Ball
1-1: Called Strike
1-2: Foul Ball, location: 2F
1-2: Ball
2-2: Foul Ball, location: 2F
2-2: Ground out 6-3 (Groundball, 6M)
Batting: LHB Roberto Trujillo 0-0: Called Strike
0-1: Ball
1-1: Ball
2-1: Ball
3-1: Base on Balls
Batting: LHB Ron Robinson 0-0: Ball
1-0: Ball
2-0: Ball
3-0: Base on Balls
Roberto Trujillo to second
Batting: LHB Pete Weber 0-0: SINGLE (Groundball, 34D)
Roberto Trujillo to third
Ron Robinson to second
Batting: LHB Tony Green 0-0: Called Strike
0-1: Ball
1-1: Foul Ball, location: 2F
1-2: Ball
2-2: Ball
3-2: Base on Balls
Roberto Trujillo scores
Ron Robinson to third
Pete Weber to second
Batting: RHB Tim Hanson 0-0: TRIPLE (Flyball, 8RD)
Ron Robinson scores
Pete Weber scores
Tony Green scores
Batting: RHB Armando Pagán 0-0: Called Strike
0-1: Ball
1-1: Foul Ball, location: 2F
1-2: Fly out, F8 (Flyball, 8RD)
Top of the 1st over - 4 run(s), 2 hit(s), 0 error(s), 1 left on base; Penquannock 4 - Kingston 0
BOTTOM OF THE 1ST
Kingston Iguanas batting - Pitching for Penquannock Overrated Jeter : LHP Salvador Castro
Pitching: LHP Salvador Castro
Batting: RHB Tim Davis 0-0: Swinging Strike
0-1: Ball
1-1: Ball
2-1: Ball
3-1: Base on Balls
Batting: LHB Bob Greene 0-0: Ground out 3-1 (Groundball, 34S)
Tim Davis to second
Batting: RHB Luis Aguilar 0-0: Called Strike
0-1: Called Strike
0-2: Strikes out looking
Batting: RHB William Duncan 0-0: Ball
1-0: Ground out 6-3 (Groundball, 6)
Bottom of the 1st over - 0 run(s), 0 hit(s), 0 error(s), 1 left on base; Penquannock 4 - Kingston 0
TOP OF THE 2ND
Penquannock Overrated Jeter batting - Pitching for Kingston Iguanas : RHP Matt Nance
Batting: LHB Dave Pitts 0-0: Ball
1-0: Called Strike
1-1: Called Strike
1-2: Foul Ball, location: 2F
1-2: Ball
2-2: Foul Ball, location: 2F
2-2: Foul Ball, location: 2F
2-2: Strikes out swinging
Batting: RHB António Rodríguez 0-0: Ball
1-0: Ball
2-0: Called Strike
2-1: Foul Ball, location: 2F
2-2: Ground out 5-3 (Groundball, 56)
Batting: SHB Caden Keith 0-0: Called Strike
0-1: Called Strike
0-2: Ball
1-2: Ball
2-2: Ball
3-2: Foul Ball, location: 2F
3-2: Base on Balls
Batting: LHB Roberto Trujillo 0-0: Called Strike
0-1: Ball
1-1: Ball
2-1: Ball
3-1: Foul Ball, location: 2F
3-2: Base on Balls
Caden Keith to second
Batting: LHB Ron Robinson 0-0: Foul Ball, location: 2F
0-1: Ball
1-1: Swinging Strike
1-2: Ball
2-2: Ball
3-2: Base on Balls
Caden Keith to third
Roberto Trujillo to second
Batting: LHB Pete Weber 0-0: Ball
1-0: Called Strike
1-1: Ball
2-1: SINGLE (Groundball, 3D)
Caden Keith scores
Roberto Trujillo to third
Ron Robinson to second
Batting: LHB Tony Green 0-0: SINGLE (Line Drive, 34D)
Roberto Trujillo scores
Ron Robinson to third
Pete Weber to second
Runner from 3rd tries for Home, SAFE, no throw or cutoff
Batting: RHB Tim Hanson 0-0: SINGLE (Line Drive, 78M)
Pete Weber to third
Tony Green to second
Runner from 3rd tries for Home, SAFE, no throw or cutoff
Pitching: RHP Vic Bradshaw
Batting: RHB Armando Pagán 0-0: Foul Ball, location: 2F
0-1: Ball
1-1: Ball
2-1: Called Strike
2-2: Ball
3-2: Base on Balls
Tony Green to third
Tim Hanson to second
Batting: LHB Dave Pitts 0-0: Called Strike
0-1: Foul Ball, location: 2F
0-2: Foul Ball, location: 2F
0-2: Foul Ball, location: 2F
0-2: Foul Ball, location: 2F
0-2: SINGLE (Groundball, 34D)
Tony Green scores
Tim Hanson to third
Armando Pagán to second
Runner from 3rd tries for Home, SAFE, no throw or cutoff
Batting: RHB António Rodríguez 0-0: Ball
1-0: Ground out 3-1 (Groundball, 34)
Top of the 2nd over - 6 run(s), 4 hit(s), 0 error(s), 2 left on base; Penquannock 10 - Kingston 0
BOTTOM OF THE 2ND
Kingston Iguanas batting - Pitching for Penquannock Overrated Jeter : LHP Salvador Castro
Batting: RHB Bill Crawley 0-0: Foul Ball, location: 2F
0-1: Ball
1-1: Ball
2-1: Swinging Strike
2-2: Strikes out swinging
Batting: RHB Mike Johnson 0-0: Fly out, F4 (Popup, 4D)
Batting: LHB Dave Gordon 0-0: SOLO HOME RUN (Line Drive, 89XD), Distance : 404 ft
Batting: LHB Juan Romero 0-0: Ball
1-0: Ground out U3 (Groundball, 3L)
Bottom of the 2nd over - 1 run(s), 1 hit(s), 0 error(s), 0 left on base; Penquannock 10 - Kingston 1
TOP OF THE 3RD
Penquannock Overrated Jeter batting - Pitching for Kingston Iguanas : RHP Vic Bradshaw
Batting: SHB Caden Keith 0-0: Ball
1-0: Called Strike
1-1: Fly out, F8 (Flyball, 8LS)
Batting: LHB Roberto Trujillo 0-0: Swinging Strike
0-1: Foul Ball, location: 2F
0-2: Foul Ball, location: 2F
0-2: Ground out U3 (Groundball, 3S)
Batting: LHB Ron Robinson 0-0: Ball
1-0: Swinging Strike
1-1: Foul Ball, location: 2F
1-2: Ball
2-2: Ball
3-2: Fly out, F4 (Line Drive, 4)
Top of the 3rd over - 0 run(s), 0 hit(s), 0 error(s), 0 left on base; Penquannock 10 - Kingston 1
BOTTOM OF THE 3RD
Kingston Iguanas batting - Pitching for Penquannock Overrated Jeter : LHP Salvador Castro
Batting: RHB Bobby Armstrong 0-0: Ball
1-0: Ball
2-0: Ball
3-0: Base on Balls
Batting: RHB Tim Davis 0-0: Called Strike
0-1: Ball
1-1: Reached on error, E1 (Groundball, 23)
Bobby Armstrong to second
Batting: LHB Bob Greene 0-0: Swinging Strike
0-1: Called Strike
0-2: Strikes out swinging
Batting: RHB Luis Aguilar 0-0: Ball
1-0: Ball
2-0: Ball
3-0: Base on Balls
Bobby Armstrong to third
Tim Davis to second
Batting: RHB William Duncan 0-0: Ball
1-0: Grounds into double play, 6-4-3 (Groundball, 6M)
Bottom of the 3rd over - 0 run(s), 0 hit(s), 1 error(s), 2 left on base; Penquannock 10 - Kingston 1
TOP OF THE 4TH
Penquannock Overrated Jeter batting - Pitching for Kingston Iguanas : RHP Vic Bradshaw
Batting: LHB Pete Weber 0-0: Ball
1-0: Ground out 4-3 (Groundball, 4)
Batting: LHB Tony Green 0-0: Called Strike
0-1: Ball
1-1: Ball
2-1: Ball
3-1: Base on Balls
Batting: RHB Tim Hanson 0-0: Foul Ball, location: 2F
0-1: Swinging Strike
0-2: Ball
1-2: Strikes out swinging
Batting: RHB Armando Pagán 0-0: Ball
1-0: Ball
2-0: Fielders Choice at 2nd, U4 (Groundball, 4M)
Top of the 4th over - 0 run(s), 0 hit(s), 0 error(s), 1 left on base; Penquannock 10 - Kingston 1
BOTTOM OF THE 4TH
Kingston Iguanas batting - Pitching for Penquannock Overrated Jeter : LHP Salvador Castro
Batting: RHB Bill Crawley 0-0: Called Strike
0-1: Foul Ball, location: 2F
0-2: Ball
1-2: Strikes out swinging
Batting: RHB Mike Johnson 0-0: Ball
1-0: Ball
2-0: Foul Ball, location: 2F
2-1: Swinging Strike
2-2: Strikes out swinging
Batting: LHB Dave Gordon 0-0: Ball
1-0: Ball
2-0: SINGLE (Line Drive, 8LS)
Batting: LHB Juan Romero 0-0: Called Strike
0-1: Called Strike
0-2: Ball
1-2: Ball
2-2: Strikes out looking
Bottom of the 4th over - 0 run(s), 1 hit(s), 0 error(s), 1 left on base; Penquannock 10 - Kingston 1
TOP OF THE 5TH
Penquannock Overrated Jeter batting - Pitching for Kingston Iguanas : RHP Vic Bradshaw
Batting: LHB Dave Pitts 0-0: Called Strike
0-1: Ball
1-1: Ball
2-1: Ball
3-1: Foul Ball, location: 2F
3-2: Base on Balls
Pitching: RHP Jesús Gonzáles
Batting: RHB António Rodríguez 0-0: Called Strike
0-1: Fly out, F9 (Popup, 9LS)
Batting: SHB Caden Keith 0-0: Ball
1-0: Swinging Strike
1-1: Foul Ball, location: 2F
1-2: Foul Ball, location: 2F
1-2: Foul Ball, location: 2F
1-2: DOUBLE (Line Drive, 78M)
Dave Pitts to third
Batting: LHB Roberto Trujillo 0-0: Called Strike
0-1: Called Strike
0-2: Ball
1-2: Ball
2-2: Ball
3-2: Foul Ball, location: 2F
3-2: Ground out U3 (Groundball, 3)
Batting: LHB Ron Robinson 0-0: Foul Ball, location: 2F
0-1: Ball
1-1: Fly out, F8 (Flyball, 8RXD)
Top of the 5th over - 0 run(s), 1 hit(s), 0 error(s), 2 left on base; Penquannock 10 - Kingston 1
BOTTOM OF THE 5TH
Kingston Iguanas batting - Pitching for Penquannock Overrated Jeter : LHP Salvador Castro
Batting: RHB Bobby Armstrong 0-0: Ball
1-0: Called Strike
1-1: Foul Ball, location: 2F
1-2: Foul Ball, location: 2F
1-2: Ball
2-2: Fly out, F8 (Flyball, 8RM)
Batting: RHB Tim Davis 0-0: Ball
1-0: Called Strike
1-1: Ground out 5-3 (Groundball, 56S)
Batting: LHB Bob Greene 0-0: Foul Ball, location: 2F
0-1: Ball
1-1: Foul Ball, location: 2F
1-2: Ball
2-2: Fly out, F8 (Popup, 8LS)
Bottom of the 5th over - 0 run(s), 0 hit(s), 0 error(s), 0 left on base; Penquannock 10 - Kingston 1
TOP OF THE 6TH
Penquannock Overrated Jeter batting - Pitching for Kingston Iguanas : RHP Jesús Gonzáles
Batting: LHB Pete Weber 0-0: Swinging Strike
0-1: Ground out 4-3 (Groundball, 4)
Batting: LHB Tony Green 0-0: Ball
1-0: Foul Ball, location: 2F
1-1: Ball
2-1: Foul Ball, location: 2F
2-2: Strikes out swinging
Batting: RHB Tim Hanson 0-0: Ball
1-0: Swinging Strike
1-1: Called Strike
1-2: Fly out, F8 (Flyball, 8LM)
Top of the 6th over - 0 run(s), 0 hit(s), 0 error(s), 0 left on base; Penquannock 10 - Kingston 1
BOTTOM OF THE 6TH
Kingston Iguanas batting - Pitching for Penquannock Overrated Jeter : LHP Salvador Castro
Batting: RHB Luis Aguilar 0-0: Ball
1-0: Called Strike
1-1: Ball
2-1: SINGLE (Groundball, 56D)
Batting: RHB William Duncan 0-0: Ball
1-0: Called Strike
1-1: Ground out 5-3 (Groundball, 5S)
Luis Aguilar to second
Batting: RHB Bill Crawley 0-0: Ball
1-0: Called Strike
1-1: Ball
2-1: Foul Ball, location: 2F
2-2: Ball
3-2: Base on Balls
Batting: RHB Mike Johnson 0-0: Ball
1-0: Called Strike
1-1: Ball
2-1: Swinging Strike
2-2: Foul Ball, location: 2F
2-2: Strikes out swinging
Batting: LHB Dave Gordon 0-0: Called Strike
0-1: Ball
1-1: Fly out, F7 (Flyball, 8LM)
Bottom of the 6th over - 0 run(s), 1 hit(s), 0 error(s), 2 left on base; Penquannock 10 - Kingston 1
TOP OF THE 7TH
Penquannock Overrated Jeter batting - Pitching for Kingston Iguanas : RHP Jesús Gonzáles
Batting: RHB Armando Pagán 0-0: Ball
1-0: Ball
2-0: Ball
3-0: Base on Balls
Batting: LHB Dave Pitts 0-0: Ball
1-0: Bunted foul
1-1: Sac Bunt - play at first, batter OUT! 1-4
Armando Pagán to second
Batting: RHB António Rodríguez 0-0: Swinging Strike
0-1: Ball
Armando Pagán steals 3rd base
1-1: Ball
2-1: Foul Ball, location: 2F
2-2: Foul Ball, location: 2F
2-2: Foul Ball, location: 2F
2-2: Ground out 4-3 (Groundball, 34)
Armando Pagán scores
Batting: SHB Caden Keith 0-0: Foul Ball, location: 2F
0-1: Ball
1-1: Ground out U3 (Groundball, 3S)
Top of the 7th over - 1 run(s), 0 hit(s), 0 error(s), 0 left on base; Penquannock 11 - Kingston 1
BOTTOM OF THE 7TH
Kingston Iguanas batting - Pitching for Penquannock Overrated Jeter : LHP Salvador Castro
Batting: LHB Juan Romero 0-0: Fly out, F7 (Flyball, 7LM)
Batting: RHB Bobby Armstrong 0-0: SINGLE (Line Drive, 56D)
Batting: RHB Tim Davis 0-0: Ball
1-0: Swinging Strike
1-1: Foul Ball, location: 2F
1-2: Strikes out swinging
Batting: LHB Bob Greene 0-0: Ball
1-0: Swinging Strike
1-1: Ball
2-1: Fly out, F6 (Popup, 6M)
Bottom of the 7th over - 0 run(s), 1 hit(s), 0 error(s), 1 left on base; Penquannock 11 - Kingston 1
TOP OF THE 8TH
Penquannock Overrated Jeter batting - Pitching for Kingston Iguanas : RHP Jesús Gonzáles
Pitching: RHP Robert Alexander
Batting: LHB Roberto Trujillo 0-0: Called Strike
0-1: Ball
1-1: Foul Ball, location: 2F
1-2: Ball
2-2: Ground out 1-3 (Groundball, 25)
Batting: LHB Ron Robinson 0-0: Ball
1-0: Ball
2-0: Called Strike
2-1: Fly out, F9 (Flyball, 89XD)
Batting: LHB Pete Weber 0-0: Ball
1-0: Fly out, F2 (Popup, 2LF)
Top of the 8th over - 0 run(s), 0 hit(s), 0 error(s), 0 left on base; Penquannock 11 - Kingston 1
BOTTOM OF THE 8TH
Kingston Iguanas batting - Pitching for Penquannock Overrated Jeter : LHP Salvador Castro
Pinch Hitting: RHB Soshu Nakamura 0-0: Ball
1-0: Ball
2-0: Called Strike
2-1: Fly out, F3 (Line Drive, 3)
Batting: RHB William Duncan 0-0: Called Strike
0-1: Ball
1-1: Ball
2-1: Foul Ball, location: 2F
2-2: Foul Ball, location: 2F
2-2: Ball
3-2: Foul Ball, location: 2F
3-2: Base on Balls
Pitching: RHP Toshikuni Nishimura
Pinch Hitting: LHB Poto Vasilini 0-0: Swinging Strike
0-1: Foul Ball, location: 2F
0-2: Strikes out swinging
Batting: RHB Mike Johnson 0-0: Called Strike
0-1: Foul Ball, location: 2F
0-2: Fly out, F4 (Line Drive, 4)
Bottom of the 8th over - 0 run(s), 0 hit(s), 0 error(s), 1 left on base; Penquannock 11 - Kingston 1
TOP OF THE 9TH
Penquannock Overrated Jeter batting - Pitching for Kingston Iguanas : RHP Robert Alexander
Now at 1B: Poto Vasilini
Now at 2B: Soshu Nakamura
Pinch Hitting: LHB Matt Reese 0-0: Ball
1-0: Swinging Strike
1-1: Swinging Strike
1-2: Ball
2-2: Strikes out swinging
Batting: RHB Tim Hanson 0-0: Ball
1-0: Swinging Strike
1-1: Swinging Strike
1-2: Ball
2-2: Foul Ball, location: 2F
2-2: Ball
3-2: Foul Ball, location: 2F
3-2: Strikes out swinging
Batting: RHB Armando Pagán 0-0: Swinging Strike
0-1: SOLO HOME RUN (Flyball, 7LD), Distance : 333 ft
Batting: LHB Dave Pitts 0-0: Ball
1-0: Foul Ball, location: 2F
1-1: Ground out 1-3 (Groundball, 15)
Top of the 9th over - 1 run(s), 1 hit(s), 0 error(s), 0 left on base; Penquannock 12 - Kingston 1
BOTTOM OF THE 9TH
Kingston Iguanas batting - Pitching for Penquannock Overrated Jeter : RHP Toshikuni Nishimura
Now at 3B: Aaron Holt
Batting: LHB Dave Gordon 0-0: Called Strike
0-1: Called Strike
0-2: Foul Ball, location: 2F
0-2: Ball
1-2: Ball
2-2: Ground out 5-3 (Groundball, 56)
Batting: LHB Juan Romero 0-0: Foul Ball, location: 2F
0-1: Foul Ball, location: 2F
0-2: Ground out 5-3 (Groundball, 56S)
Batting: RHB Bobby Armstrong 0-0: Ground out 1-3 (Groundball, 15)
Bottom of the 9th over - 0 run(s), 0 hit(s), 0 error(s), 0 left on base; Penquannock 12 - Kingston 1
Monday, December 5th, 2016 - OOTP Baseball 17.12 Build 75